 Dungeon Crawl Stone Soup version 0.31-a0-620-gd1cbd99268 (webtiles) character file.

Game seed: 16258275576689524357

1741 IndexError the Changeling (level 8, -3/67 HPs)
             Began as a Troll Hedge Wizard on Aug 23, 2023.
             Slain by an orc warrior
             ... wielding a +0 glaive
              (14 damage)
             ... on level 5 of the Dungeon.
             The game lasted 00:10:52 (4721 turns).

IndexError the Changeling (Troll Hedge Wizard)      Turns: 4721, Time: 00:10:52

Health: -3/67      AC:  6    Str: 21    XL:     8   Next: 77%
Magic:  10/10      EV:  9    Int: 16    God:
Gold:   266        SH:  0    Dex:  9    Spells: 6/11 levels left

rFire   . .          .
                       - Unarmed
rCold   . . .        (no shield)
rNeg    . . .        b - +0 robe
rPois   .            o - +2 hat
rElec   .            (no cloak)
rCorr   .            (gloves unavailable)
SInv    .            (boots unavailable)
Will    .....        (no amulet)
Stlth   +            n - +6 ring of intelligence
HPRegen 1.11/turn    (no ring)
MPRegen 0.12/turn

%: no passive effects
@: no status effects
A: large, unfitting armour, claws 3, regeneration 1, shaggy fur 1, tough skin 1
a: no special abilities


You were on level 5 of the Dungeon.
You visited 1 branch of the dungeon, and saw 6 of its levels.

You collected 266 gold pieces.

Inventory:

Missiles
 q - a throwing net {=f, !d}
 w - 7 curare-tipped darts
Armour
 b - a +0 robe (worn)
 o - a +2 hat (worn)
   (You found it on level 2 of the Dungeon)
Magical Staves
 l - a staff of fire {rF+}
   (You found it on level 2 of the Dungeon)
Jewellery
 f - a ring of ice {rC+, rF-}
   (You found it on level 1 of the Dungeon)
 n - a +6 ring of intelligence (left claw)
   (You found it on level 3 of the Dungeon)
 y - an amulet of faith {Faith, !P}
   (You found it on level 5 of the Dungeon)
Talismans
 i - a flux talisman
   (You found it on level 1 of the Dungeon)
Wands
 r - a wand of digging (3)
   (You found it on level 3 of the Dungeon)
 u - a wand of flame (23)
   (You found it on level 4 of the Dungeon)
Scrolls
 a - 6 scrolls of identify {unknown}
 c - a scroll of poison {unknown}
 e - a scroll of fear {unknown}
 g - 3 scrolls of teleportation {unknown}
 p - 2 scrolls of enchant weapon {unknown}
 v - a scroll of revelation {unknown}
Potions
 d - a potion of magic
 h - 3 potions of heal wounds {unknown}
 j - 2 potions of attraction {unknown}
 k - 2 potions of berserk rage {unknown}
 m - 2 potions of curing {unknown}
 s - a potion of degeneration {unknown}
 t - 2 potions of enlightenment {unknown}
 x - a potion of mutation {unknown}
 z - a potion of lignification {unknown}
 A - a potion of haste {unknown}
 B - a potion of brilliance {unknown}
 C - a potion of cancellation {unknown}


   Skills:
 - Level 1.5 Dodging
 - Level 1.0 Stealth
 - Level 7.1 Unarmed Combat
 - Level 2.0 Spellcasting
 - Level 0.6 Conjurations
 - Level 0.6 Summonings
 - Level 0.6 Translocations
 + Level 7.9 Shapeshifting


You had 6 spell levels left.
You knew the following spells:

 Your Spells              Type           Power      Damage    Failure   Level
a - Magic Dart            Conj           12%        1d3       16%         1
b - Blink                 Tloc           6%         N/A       24%         2
c - Call Imp              Summ           6%         N/A       24%         2

Your spell library contained the following spells:

 Spells                   Type           Power      Damage    Failure   Level
 Slow                     Hex            4%         N/A       21%         1
 Cigotuvi's Dreadful Rot  Necr/Pois/Air  2%         N/A       30%         2
 Gell's Gravitas          Tloc           3%         N/A       43%         3
 Teleport Other           Tloc           3%         N/A       43%         3
 Mephitic Cloud           Conj/Pois/Air  2%         N/A       50%         3
 Volatile Blastmotes      Fire/Tloc      4%         2d10      50%         3
 Iskenderun's Mystic Bla  Conj/Tloc      3%         2d3       85%         4
 Fulminant Prism          Conj/Hex       1%         3d5       88%         4
 Dispel Undead            Necr           1%         3d6       90%         4
 Death Channel            Necr           0%         N/A       100%        6
 Dispersal                Tloc           1%         N/A       100%        6
 Simulacrum               Ice/Necr       0%         N/A       100%        6
 Ozocubu's Refrigeration  Ice            0%         4d7       100%        7
 Polar Vortex             Ice            0%         N/A       100%        9


Dungeon Overview and Level Annotations

Branches:
Dungeon (6/15)             Temple (0/1) D:4

Altars:
Gozag
Trog
Uskayaw
Yredelemnul
Zin

Shops:
D:3 !*[*   D:5 (


Innate Abilities, Weirdness & Mutations

You are too large for most types of armour.
You have claws for hands.
Your natural rate of healing is unusually fast.
You are covered in fur. (AC +1)
You have tough skin. (AC +1)


Message History

You now have 266 gold pieces (gained 13).
An adder and an orc warrior come into view.
The adder hisses angrily.
You hear a shout!
An ice beast comes into view.
An orc priest comes into view. It is wielding a +0 whip.
An orc comes into view. It is wielding a +3 trident.
The orc shouts!
The orc warrior shouts!
You see here a +0 ring mail.
There is a stone staircase leading up here.
A kobold brigand comes into view.
It is wielding a +0 whip and quivering curare-tipped darts.
The adder bites you but does no damage.
You claw the adder!
The orc hits you from afar with a +3 trident.
You take 5 damage, and have 62/67 hp.
The orc warrior hits you with a +0 glaive!
The orc hits you with a +3 trident!
A sky beast comes into view.
You take 13 damage, and have 50/67 hp.
The orc warrior closely misses you. The orc hits you but does no damage.
The orc hits you with a +3 trident.
The kobold brigand attacks as it pursues you!
The kobold brigand hits you with a +0 whip!
There is a stone staircase leading up here.
You take 8 damage, and have 43/67 hp.
The orc closely misses you.
The kobold brigand hits you with a +0 whip.
You climb upwards.
There is a stone staircase leading down here.
You take 1 damage, and have 42/67 hp.
You miss the kobold brigand. The orc closely misses you.
The kobold brigand hits you but does no damage.
You closely miss the kobold brigand. You closely miss the kobold brigand.
The orc closely misses you.
The kobold brigand hits you with a +0 whip.
You take 5 damage, and have 39/67 hp.
You barely miss the kobold brigand. The orc closely misses you.
The kobold brigand barely misses you.
You scratch the kobold brigand. The orc hits you with a +3 trident!
The kobold brigand hits you with a +0 whip.
You take 11 damage, and have 29/67 hp.
You scratch the kobold brigand but do no damage.
The orc barely misses you.
The kobold brigand hits you with a +0 whip.
You take 2 damage, and have 27/67 hp.
You closely miss the kobold brigand. You claw the kobold brigand!
The orc hits you with a +3 trident.
The kobold brigand hits you with a +0 whip.
You take 1 damage, and have 26/67 hp.
You mangle the kobold brigand!! The orc hits you with a +3 trident.
You take 4 damage, and have 22/67 hp.
The orc barely misses you.
Things that are here:
a +0 whip; a curare-tipped dart; a kobold corpse You claw the orc!
Things that are here:
a +3 trident; a +0 ring mail
w - 7 curare-tipped darts (gained 1)
Things that are here:
a +0 whip; a kobold corpse You regained 2 hp, and now have 27/67 hp.
Things that are here:
a +3 trident; a +0 ring mail
Things that are here:
a +0 whip; a kobold corpse
There is a stone staircase leading down, spattered with blood here.
You start resting.
HP restored.
Health restored: 67 You climb downwards.
The orc warrior hits you but does no damage.
The ice beast barely misses you.
The orc warrior hits you with a +0 glaive!
There is a stone staircase leading up here.
You take 15 damage, and have 52/67 hp.
MASSIVE DAMAGE!!
The ice beast hits you. The ice beast freezes you!
The orc warrior hits you with a +0 glaive!
You climb upwards.
There is a stone staircase leading down, spattered with blood here.
You take 21 damage, and have 31/67 hp.
MASSIVE DAMAGE!!
You scratch the ice beast.
The ice beast hits you but does no damage.
The orc warrior closely misses you.
You barely miss the ice beast. The ice beast hits you.
The ice beast freezes you!
The orc warrior hits you but does no damage.
You take 9 damage, and have 23/67 hp.
You scratch the ice beast but do no damage.
The ice beast barely misses you.
You barely miss the ice beast.
The orc warrior hits you with a +0 glaive!
* * * LOW HITPOINT WARNING * * *
The ice beast hits you.
* * * LOW HITPOINT WARNING * * *
The ice beast freezes you.
* * * LOW HITPOINT WARNING * * *
You take 14 damage, and have 10/67 hp.
MASSIVE DAMAGE!!
You scratch the ice beast.
The orc warrior hits you with a +0 glaive!
You die...

#......##.........#....###.....
#.......#............#...#.....
#...##..............##.#.......
###.##.............#####..#....
#####............##.##.###...
##....................##...
##..............##.)..###...
###.........o.....##.##.......
###...#####....@....#).##.#...#)
#.....## ###..Y)[...#..######.#)
##.#.#..###..........##)..#.#..##
#..###..##.......................
..#.##.................#...##....
#.......#..............#..####...
#..>...#.#.........###......####.
##.....#....#.......##.##.....##.
####....[.###.####.##...###.....


You could see an orc warrior and an ice beast.

Vanquished Creatures
  Grinder (D:3)
  An ogre (D:5)
  5 phantoms
  2 kobold brigands
  2 scorpions
  A gnoll sergeant (D:5)
  4 wights (D:5)
  2 hounds
  2 jellies (D:5)
  4 sleepcaps
  2 iguanas
  11 gnolls
  6 adders
  2 worms (D:2)
  3 dart slugs
  10 orcs
  9 endoplasms
  6 giant cockroaches
  8 goblins
  4 hobgoblins
  3 jackals
  7 quokkas
  6 ball pythons
  5 bats
  7 frilled lizards
  15 kobolds
  6 rats
134 creatures vanquished.

Notes
Turn   | Place    | Note
-------+----------+-------------------------------------------
     0 | D:1      | IndexError the Troll Hedge Wizard began the quest for the
                  | Orb.
     0 | D:1      | Reached XP level 1. HP: 16/16 MP: 2/2
    81 | D:1      | Reached skill level 1 in Unarmed Combat
   125 | D:1      | Reached XP level 2. HP: 22/24 MP: 4/4
   264 | D:1      | Reached skill level 2 in Unarmed Combat
   815 | D:2      | Found a basalt altar of Yredelemnul.
   891 | D:2      | Reached XP level 3. HP: 27/31 MP: 5/5
   971 | D:2      | Reached skill level 3 in Unarmed Combat
  1481 | D:3      | Found Cisheal's Antique Armour Shop.
  1493 | D:3      | Found a hide-covered altar of Uskayaw.
  1498 | D:3      | Found Joadd's General Store.
  1718 | D:3      | Learned a level 2 spell: Blink
  1721 | D:3      | Learned a level 2 spell: Call Imp
  1723 | D:3      | Found Woqiet's General Store.
  1759 | D:3      | Reached XP level 4. HP: 34/39 MP: 6/6
  1764 | D:3      | Noticed Grinder
  1907 | D:3      | Reached skill level 4 in Unarmed Combat
  1972 | D:3      | Found Pahaamor's Distillery.
  2233 | D:3      | Paralysed by Grinder for 3 turns
  2240 | D:3      | Paralysed by Grinder for 3 turns
  2252 | D:3      | Paralysed by Grinder for 3 turns
  2261 | D:3      | Paralysed by Grinder for 4 turns
  2275 | D:3      | Killed Grinder
  2276 | D:3      | Reached skill level 6 in Unarmed Combat
  2276 | D:3      | Reached XP level 5. HP: 45/45 MP: 7/7
  2276 | D:3      | Reached XP level 6. HP: 53/53 MP: 8/8
  2684 | D:4      | Found an opulent altar of Gozag.
  2984 | D:4      | Found a staircase to the Ecumenical Temple.
  3182 | D:4      | Found a bloodstained altar of Trog.
  3407 | D:5      | Entered Level 5 of the Dungeon
  3419 | D:5      | Reached skill level 7 in Unarmed Combat
  3478 | D:5      | Reached skill level 1 in Shapeshifting
  3478 | D:5      | Reached XP level 7. HP: 59/59 MP: 9/9
  3505 | D:5      | Reached skill level 2 in Shapeshifting
  3568 | D:5      | Reached skill level 3 in Shapeshifting
  3593 | D:5      | Reached skill level 4 in Shapeshifting
  3632 | D:5      | HP: 11/59 [gnoll/+0 spear[a gnoll sergeant] (8)]
  3637 | D:5      | HP: 8/59 [gnoll/+0 club[a gnoll sergeant] (5)]
  3773 | D:5      | Reached skill level 5 in Shapeshifting
  3787 | D:5      | Reached XP level 8. HP: 67/67 MP: 10/10
  3944 | D:5      | Reached skill level 6 in Shapeshifting
  4045 | D:5      | Found a glowing silver altar of Zin.
  4056 | D:5      | Found Woin's Antique Weapon Shop.
  4544 | D:6      | Reached skill level 7 in Shapeshifting
  4720 | D:5      | HP: 15/67 [ice beast (3)]
  4721 | D:5      | Slain by an orc warrior

Illustrated notes

Levels and vault maps discovered:
D:1:      ncdulo_lavacross, layout_basic
D:2:      layout_basic, basic_altar
D:3:      layout_basic, nicolae_uskayaw_dance_hall, serial_shops,
          nicolae_shop_pleasant_corner_grove, shop, shop, shop,
          lexackson_kobold_supper, uniq_grinder
D:4:      layout_loops_ring, trog_book, mainiacjoe_overflow_paths,
          minmay_temple_entry_ruins, st_stairs_13, kennysheep_donut
D:5:      layout_cave_pools, lemuel_crystal_altar, serial_shops,
          nicolae_lakefront_shop
D:6:      minmay_recursive_quarters, layout_loops_ring,
          mainiacjoe_overflow_24_doors, uniq_menkaure

Skill      XL: |  1  2  3  4  5  6  7  8 |
---------------+-------------------------+-----
Unarmed Combat | 1 2 3 6 7 |  7.1
Shapeshifting  | 1 5 7 |  7.9
Dodging        | |  1.5
Stealth        | |  1.0
Spellcasting   | |  2.0
Conjurations   | |  0.6
Summonings     | |  0.6
Translocations | |  0.6

Action                     |  1- 3 |  4- 6 |  7- 9 || total
---------------------------+-------+-------+-------++-------
  Melee: Unarmed           |   119 |   149 |   175 ||   443
         Punch             |     2 |     1 |     3 ||     6
  Throw: Throwing net      |       |     1 |       ||     1
   Stab: Sleeping          |     6 |       |     2 ||     8
 Armour: Robe              |    40 |    76 |    36 ||   152
  Dodge: Dodged            |    60 |    71 |    72 ||   203
         Form:             |     2 |       |       ||     2
         Flux              |     2 |       |       ||     2

Table legend: (Time is in decaauts)
 A = Elapsed time spent in this place.
 B = Non-inter-level travel time spent in this place.
 C = Inter-level travel time spent in this place.
 D = Time resting spent in this place.
 E = Time spent auto-exploring this place.
 F = Levels seen in this place.
 G = Mean time per level.
                   A        B        C        D        E       F      G
               +--------+--------+--------+--------+--------+-----+--------+
         Total |   4681 |   4277 |    404 |     33 |   3167 |   6 |  780.2 |
       Dungeon |   4681 |   4277 |    404 |     33 |   3167 |   6 |  780.2 |
               +--------+--------+--------+--------+--------+-----+--------+

Top non-repeatable levels by time:
     D:3: 1187 daAuts
     D:5: 937 daAuts
     D:4: 862 daAuts
     D:1: 776 daAuts
     D:2: 657 daAuts
     D:6: 260 daAuts

Levels and vault maps discovered:
D:1:      ncdulo_lavacross, layout_basic
D:2:      layout_basic, basic_altar
D:3:      layout_basic, nicolae_uskayaw_dance_hall, serial_shops,
          nicolae_shop_pleasant_corner_grove, shop, shop, shop,
          lexackson_kobold_supper, uniq_grinder
D:4:      layout_loops_ring, trog_book, mainiacjoe_overflow_paths,
          minmay_temple_entry_ruins, st_stairs_13, kennysheep_donut
D:5:      layout_cave_pools, lemuel_crystal_altar, serial_shops,
          nicolae_lakefront_shop
D:6:      minmay_recursive_quarters, layout_loops_ring,
          mainiacjoe_overflow_24_doors, uniq_menkaure

Table legend: (Time is in decaauts)
 A = Elapsed time spent in this place.
 B = Non-inter-level travel time spent in this place.
 C = Inter-level travel time spent in this place.
 D = Time resting spent in this place.
 E = Time spent auto-exploring this place.
 F = Levels seen in this place.
 G = Mean time per level.
                   A        B        C        D        E       F      G
               +--------+--------+--------+--------+--------+-----+--------+
         Total |   4681 |   4277 |    404 |     33 |   3167 |   6 |  780.2 |
       Dungeon |   4681 |   4277 |    404 |     33 |   3167 |   6 |  780.2 |
               +--------+--------+--------+--------+--------+-----+--------+

Top non-repeatable levels by time:
     D:3: 1187 daAuts
     D:5: 937 daAuts
     D:4: 862 daAuts
     D:1: 776 daAuts
     D:2: 657 daAuts
     D:6: 260 daAuts

Table legend:
 A = Kills in this place as a percentage of kills in the entire game.
 B = Kills by you in this place as a percentage of kills by you in the entire game.
 C = Kills by friends in this place as a percentage of kills by friends in the entire game.
 D = Other kills in this place as a percentage of other kills in the entire game.
 E = Experience gained in this place as a percentage of experience gained in the entire game.
 F = Experience gained in this place divided by the number of levels of this place that you have seen.
                   A       B       C       D       E      F
               +-------+-------+-------+-------+-------+----------------------
         Total | 100.0 | 100.0 |   N/A |   N/A | 100.0 | 414.7
       Dungeon | 100.0 | 100.0 |   N/A |   N/A | 100.0 | 414.7
               +-------+-------+-------+-------+-------+----------------------
